 Dungeon Crawl Stone Soup version 0.29.1-12-g30fa7ad0bf (webtiles) character file.

Game seed: 2949669081076959435

2256 LustLizard the Firebug (level 9, -1/70 HPs)
             Began as a Hill Orc Fire Elementalist on Jan 14, 2023.
             Was a Follower of Beogh.
             Slain by a gnoll
             ... wielding a +0 club
             ... led by a gnoll sergeant
              (3 damage)
             ... on level 7 of the Dungeon.
             The game lasted 00:16:32 (8950 turns).

LustLizard the Firebug (Hill Orc Fire Elementalist) Turns: 8950, Time: 00:16:33

Health: -1/70      AC:  5    Str: 13    XL:     9   Next: 37%
Magic:  1/14       EV: 11    Int: 17    God:    Beogh [*.....]
Gold:   268        SH:  0    Dex: 11    Spells: 3/15 levels left

rFire   + . .      SeeInvis .   m - +2 whip (venom)
rCold   . . .      Faith    .   (no shield)
rNeg    . . .      Spirit   .   v - +0 leather armour
rPois   .          Reflect  .   c - +0 helmet
rElec   .          Harm     .   (no cloak)
rCorr   .          Rampage  .   j - +0 pair of gloves
Will    .....                   (no boots)
Stlth   ++........              (no amulet)
HPRegen 0.21/turn               w - ring of protection from fire
MPRegen 0.14/turn               (no ring)

@: on blink cooldown
A: no striking features
a: Renounce Religion


You were on level 7 of the Dungeon.
You worshipped Beogh.
Beogh was aware of your devotion.
You visited 1 branch of the dungeon, and saw 7 of its levels.

You collected 332 gold pieces.
You spent 64 gold pieces at shops.

Inventory:

Hand Weapons
 b - a +0 hand axe
 m - a +2 whip of venom (weapon)
Missiles
 D - a throwing net
Armour
 a - a +0 robe
 c - a +0 helmet (worn)
 j - a +0 pair of gloves (worn)
 v - a +0 leather armour (worn)
Jewellery
 w - a ring of protection from fire (left hand)
Wands
 e - a wand of paralysis (9)
 f - a wand of digging (4)
 t - a wand of roots (3)
 z - a wand of polymorph (12)
 A - a wand of flame (14)
Scrolls
 d - 2 scrolls of identify
 h - 2 scrolls of blinking {unknown}
 i - a scroll of butterflies {unknown}
 l - a scroll of brand weapon {unknown}
 o - a scroll of immolation {unknown}
 p - 2 scrolls of teleportation
 q - a scroll of amnesia {unknown}
 s - a scroll of enchant weapon {unknown}
 u - 2 scrolls of vulnerability {unknown}
 y - a scroll of fear {unknown}
 B - a scroll of poison {unknown}
Potions
 g - a potion of heal wounds {unknown}
 k - 9 potions of curing
 n - a potion of berserk rage {unknown}
 r - a potion of flight {unknown}
 x - a potion of magic
 C - 2 potions of brilliance
 E - 2 potions of cancellation {unknown}


   Skills:
 + Level 3.4 Fighting
 + Level 2.4 Dodging
 - Level 2.0 Stealth
 + Level 3.9 Spellcasting
 + Level 6.4 Conjurations
 - Level 2.0 Translocations
 + Level 7.7 Fire Magic
 * Level 2.9 Poison Magic
 + Level 2.8 Invocations


You had 3 spell levels left.
You knew the following spells:

 Your Spells              Type           Power      Damage    Failure   Level
a - Foxfire               Conj/Fire      100%       2x1d9     1%          1
b - Scorch                Fire           58%        2d8       1%          2
c - Blink                 Tloc           20%        N/A       14%         2
d - Inner Flame           Hex/Fire       16%        N/A       12%         3
e - Olgreb's Toxic Radia  Pois           13%        N/A       52%         4

Your spell library contained the following spells:

 Spells                   Type           Power      Damage    Failure   Level
 Conjure Flame            Conj/Fire      27%        6-21      3%          3
 Sting                    Tmut/Pois      32%        1d4       11%         1
 Poisonous Vapours        Pois/Air       16%        N/A       17%         2
 Flame Wave               Conj/Fire      27%        2d9       11%         4
 Manifold Assault         Tloc           10%        N/A       94%         5
 Storm Form               Tmut/Air       1%         N/A       100%        7


Dungeon Overview and Level Annotations

Branches:
Dungeon (7/15)             Temple (0/1) D:4

Altars:
Dithmenos
Elyvilon
Fedhas
Okawaru
Xom

Shops:
D:1 [   D:7 *[

Annotations:
D:4 Dowan, Duvessa


Message History

Flames lash the gnoll sergeant.
The gnoll sergeant is burned terribly!
The gnoll sergeant is severely wounded.
The gnoll sergeant hits you from afar with a +0 spear.
Unknown command.
Casting: Scorch (safe; 1% risk of failure)
Confirm with . or Enter, or press ? or * to list all spells.
Flames lash the gnoll sergeant.
The gnoll sergeant is burned terribly!
The gnoll sergeant is almost dead.
You hear a shout!
The gnoll sergeant hits you from afar with a +0 vampiric trident!
The gnoll sergeant hits you from afar with a +0 spear.
Casting: Scorch (safe; 1% risk of failure)
Confirm with . or Enter, or press ? or * to list all spells.
Flames lash the gnoll sergeant.
The gnoll sergeant is burned terribly!
You kill the gnoll sergeant!
Beogh accepts your kill.
The gnoll sergeant hits you from afar with a +0 vampiric trident!
Unknown command.
The gnoll sergeant hits you from afar with a +0 vampiric trident.
A gnoll comes into view. It is wielding a +0 club.
Items here: ! ) [ †.
The gnoll attacks as you move away! The gnoll hits you with a +0 whip.
The gnoll closely misses you.
Casting: Scorch (safe; 1% risk of failure)
Confirm with . or Enter, or press ? or * to list all spells.
Okay, then.
Casting: Scorch (safe; 1% risk of failure)
Confirm with . or Enter, or press ? or * to list all spells.
You blink.
The gnoll hits you with a +0 whip.
The gnoll sergeant hits you with a +0 vampiric trident!
The gnoll hits you with a +0 club.
The gnoll sergeant attacks as you move away!
The gnoll sergeant hits you with a +0 vampiric trident.
* * * LOW HITPOINT WARNING * * *
The gnoll hits you with a +0 whip.
* * * LOW HITPOINT WARNING * * *
The gnoll sergeant hits you from afar with a +0 vampiric trident!
* * * LOW HITPOINT WARNING * * *
The gnoll hits you with a +0 club.
You die...

.. #.. ..# .. #.
#.######.# #. #.
#.#≈≈§§#.#
##.###.###.#≈⌠_≈#.# #
........##.#≈.>≈#.### ##
#....##....# ≈≈≈#[...
...#....>.....####'#....
.. #.##.........†....
####.##@##.#####...#####
.?#..g.gg.# #...# #
#.####g#### #...# #
h#####.####.# #...# #
.....)......# #...# #
g...##†###### #### #...#
# . #. ...###.## ..
####.#...# ##.
#......###


You could see a gnoll sergeant and 3 gnolls.

Vanquished Creatures
  Prince Ribbit (D:5)
  A water moccasin (D:6)
  2 black bears
  An ogre (D:4)
  A phantom (D:4)
  A bullfrog (D:6)
  5 scorpions
  2 gnoll sergeants
  5 wights (D:6)
  4 killer bees (D:6)
  A howler monkey (D:7)
  4 hounds
  4 jellies
  2 iguanas
  Terence (D:2)
  2 orc wizards
  2 adders
  18 gnolls
  An ufetubus (D:4)
  2 worms (D:3)
  2 dart slugs
  8 orcs
  4 ball pythons
  12 bats
  10 endoplasms
  4 giant cockroaches
  3 goblins
  9 hobgoblins
  5 jackals
  7 kobolds
  3 quokkas
  3 frilled lizards
  5 rats (D:3)
  A spectral hobgoblin (D:1)
136 creatures vanquished.

Vanquished Creatures (others)
  2 bats (D:3)
  524 foxfires
526 creatures vanquished.

Grand Total: 662 creatures vanquished

Notes
Turn   | Place    | Note
-------+----------+-------------------------------------------
     0 | D:1      | LustLizard the Hill Orc Fire Elementalist began the quest
                  | for the Orb.
     0 | D:1      | Reached XP level 1. HP: 14/14 MP: 3/3
   209 | D:1      | Reached XP level 2. HP: 22/22 MP: 1/4
   659 | D:1      | Found Coola's Armour Shop.
   840 | D:1      | Reached XP level 3. HP: 27/27 MP: 0/5
   843 | D:1      | Learned a level 2 spell: Scorch
  1176 | D:1      | Reached skill level 1 in Fighting
  1251 | D:1      | Found a faded altar of an unknown god.
  1613 | D:2      | Learned a level 2 spell: Blink
  2100 | D:2      | Reached XP level 4. HP: 35/35 MP: 0/6
  2106 | D:2      | Noticed Terence
  2187 | D:2      | Killed Terence
  3025 | D:3      | Reached skill level 4 in Fire Magic
  3027 | D:3      | Reached skill level 1 in Translocations
  3364 | D:3      | Reached XP level 5. HP: 40/40 MP: 3/8
  3409 | D:3      | Became a worshipper of Beogh the Brigand
  3732 | D:3      | You fall into a shaft and drop 3 floors!
  3741 | D:5      | Entered Level 5 of the Dungeon
  3760 | D:5      | Found a shimmering altar of Xom.
  3771 | D:4      | Noticed a phantom
  4025 | D:5      | Reached XP level 6. HP: 48/48 MP: 3/9
  4236 | D:4      | Noticed Duvessa
  4243 | D:4      | Learned a level 3 spell: Inner Flame
  4538 | D:4      | Reached skill level 5 in Fire Magic
  4797 | D:4      | Found a white marble altar of Elyvilon.
  4804 | D:4      | Reached XP level 7. HP: 55/55 MP: 4/10
  5399 | D:4      | Found an iron altar of Okawaru.
  5482 | D:4      | Found a staircase to the Ecumenical Temple.
  5518 | D:4      | Noticed Dowan
  5619 | D:5      | Noticed Prince Ribbit
  5623 | D:5      | Killed Prince Ribbit
  5624 | D:5      | Reached skill level 5 in Conjurations
  5624 | D:5      | Reached skill level 6 in Fire Magic
  5624 | D:5      | Reached XP level 8. HP: 61/61 MP: 6/12
  6341 | D:6      | Reached skill level 7 in Fire Magic
  6545 | D:6      | Learned a level 4 spell: Olgreb's Toxic Radiance
  6562 | D:6      | Found a blossoming altar of Fedhas.
  6703 | D:6      | Reached skill level 1 in Poison Magic
  6759 | D:6      | Reached skill level 1 in Invocations
  6772 | D:6      | Reached * piety under Beogh
  7194 | D:6      | Reached XP level 9. HP: 68/68 MP: 8/14
  8541 | D:7      | Found Luememos's Assorted Antiques.
  8662 | D:7      | Bought 2 green potions for 41 gold pieces
  8662 | D:7      | Bought a scroll labelled UPLONAUMIGG for 23 gold pieces
  8763 | D:7      | Found Iriew's Antique Armour Emporium.
  8883 | D:7      | Found a shadowy altar of Dithmenos.
  8950 | D:7      | HP: 2/70 [gnoll sergeant/+0 vampiric trident (13)]
  8950 | D:7      | Slain by a gnoll

Illustrated notes

Levels and vault maps discovered:
D:1:      tarquinn_simple_flora_water_c, layout_loops_ring, serial_shops,
          nicolae_shop_crystal, dreamdust_ecumenical_altar_drowned_temple,
          minmay_statues_item
D:2:      minmay_evil_eye, layout_basic, chequers_decorated_corner, uniq_terence
D:3:      layout_loops_ring, minmay_fractal_squares_5
D:4:      nicolae_BIG_FREAKIN_CUBE, layout_rooms, overflow_temple_1_default,
          elyvilon_altar_1, minmay_temple_entry_statues, grunt_ministairs_10,
          uniq_duvessa
D:5:      layout_cave_pools, xom_teletrap_fun, nicolae_titane,
          uniq_prince_ribbit1
D:6:      layout_layer_cave, mainiacjoe_overflow_six_doors_small
D:7:      layout_loops_cross, general_overflow_altar, serial_shops, shop,
          nicolae_stop_n_shop_1, hangedman_abyss_or_decor_lesser_grid,
          nicolae_stop_n_shop_1

Skill      XL: |  1  2  3  4  5  6  7  8  9 |
---------------+----------------------------+-----
Fighting       | 1 2 3 |  3.4
Conjurations   | 2 3 4 5 6 |  6.4
Stealth        | 2 |  2.0
Fire Magic     | 4 5 6 7 |  7.7
Translocations | 1 2 |  2.0
Spellcasting   | 2 3 |  3.9
Poison Magic   | 1 2 |  2.9
Invocations    | 1 2 |  2.8
Dodging        | 2 |  2.4

Action                   |  1- 3 |  4- 6 |  7- 9 || total
-------------------------+-------+-------+-------++-------
Melee: Dagger            |    15 |     1 |       ||    16
       Hand axe          |       |     4 |       ||     4
       Whip              |       |     8 |    11 ||    19
 Cast: Foxfire           |    87 |    59 |   160 ||   306
       Scorch            |       |    24 |    25 ||    49
       Blink             |       |       |     1 ||     1
       Inner Flame       |       |       |     1 ||     1
Invok: Convert to Beogh  |       |     1 |       ||     1
  Use: Scroll            |       |     1 |     4 ||     5
       Potion            |       |     1 |       ||     1
 Stab: Sleeping          |       |     1 |       ||     1
Armor: Robe              |     5 |     4 |     1 ||    10
       Leather armour    |       |       |     9 ||     9
Dodge: Dodged            |    12 |    16 |    18 ||    46
